 Dungeon Crawl Stone Soup version 0.26-a0-682-g294304f6e8 (webtiles) character file.

Game seed: 15248342108981040168

44 pureshit the Shield-Bearer (level 3, -1/29 HPs)
             Began as a Formicid Fighter on Oct 22, 2020.
             Killed from afar by Natasha (3 damage)
             ... with a magic dart
             ... on level 2 of the Dungeon.
             The game lasted 00:01:16 (958 turns).

pureshit the Shield-Bearer (Formicid Fighter)        Turns: 958, Time: 00:01:17

Health: -1/29      AC:  6    Str: 21    XL:     3   Next: 85%
Magic:  3/3        EV:  8    Int:  7    God:
Gold:   82         SH:  9    Dex: 10    Spells: 2/2 levels left

rFire    . . .     SeeInvis +   a - +0 war axe
rCold    . . .     Faith    .   c - +0 kite shield
rNeg     . . .     Spirit   .   b - +0 scale mail
rPois    .         Reflect  .   (helmet unavailable)
rElec    .         Harm     .   (no cloak)
rCorr    .         Rampage  .   (no gloves)
MR       .....                  (no boots)
Stlth    ..........             (no amulet)
HPRegen  0.09/turn              (no ring)
MPRegen  0.08/turn              (no ring)

@: no status effects
A: permanent stasis, dig shafts and tunnels, four strong arms, antennae 3
a: Dig, Shaft Self


You were on level 2 of the Dungeon.
You visited 1 branch of the dungeon, and saw 2 of its levels.

You collected 82 gold pieces.

Inventory:

Hand Weapons
 a - a +0 war axe (weapon)
Armour
 b - a +0 scale mail (worn)
 c - a +0 kite shield (worn)
 j - a cursed +0 chain mail
Scrolls
 e - 4 scrolls of identify {unknown}
 f - a scroll of enchant armour {unknown}
 i - a scroll of amnesia {unknown}
Potions
 d - a potion of might
 g - a potion of brilliance {unknown}
 h - a potion of curing {unknown}


   Skills:
 - Level 3.2 Fighting
 * Level 3.3 Axes
 - Level 3.2 Armour
 + Level 1.4 Dodging
 - Level 3.6 Shields


You had 2 spell levels left.
You didn't know any spells.
Your spell library was empty.

Dungeon Overview and Level Annotations

Branches:
Dungeon (2/15)

Altars:

Annotations:
D:2 Natasha


Innate Abilities, Weirdness & Mutations

You cannot be hasted, slowed, berserked, paralysed or teleported.
You can dig through walls and to a lower floor.
Your four strong arms can wield two-handed weapons with a shield.
You have a pair of large antennae on your head. (SInv)


Message History

The white imp spits at you. Natasha misses you.
The shadow imp hits you but does no damage.
You slash Natasha!
Natasha is severely wounded.
You closely miss the shadow imp. You block Natasha's attack.
The shadow imp hits you.
* * * LOW HITPOINT WARNING * * *
You closely miss Natasha.
Natasha is severely wounded.
You barely miss the shadow imp.
The crimson imp disappears in a puff of smoke!
Natasha claws you but does no damage. You block the shadow imp's attack.
You closely miss Natasha.
Natasha is severely wounded.
You hit the shadow imp. The shadow imp closely misses you. Natasha claws you.
* * * LOW HITPOINT WARNING * * *
Natasha casts a spell at you. The magic dart hits you.
You die...

..# .. ..# .###..### #
...5..$.# # #.##..
...... ....{5.#.###
#.##h...... { #..@5#
#..### . #?.# .#
#..####..# #...#
#........####.# #.#.#
##............# #.#.###
#######.########.....###
#.# ###..^.#....
#.#####..........


You could see Natasha, a white imp (summoned) and a shadow imp (summoned).

Vanquished Creatures
  5 dart slugs (D:1)
  3 leopard geckos (D:1)
  A giant cockroach (D:1)
  A goblin (D:2)
  2 hobgoblins (D:1)
  6 jackals (D:1)
  2 kobolds
  3 bats
  3 frilled lizards
  4 rats
30 creatures vanquished.

Notes
Turn   | Place    | Note
-------+----------+-------------------------------------------
     0 | D:1      | pureshit the Formicid Fighter began the quest for the Orb.
     0 | D:1      | Reached XP level 1. HP: 18/18 MP: 1/1
    99 | D:1      | Reached XP level 2. HP: 24/24 MP: 2/2
   356 | D:1      | Reached skill level 1 in Dodging
   382 | D:1      | Reached XP level 3. HP: 29/29 MP: 3/3
   946 | D:2      | Noticed Natasha
   958 | D:2      | Killed from afar by Natasha

Illustrated notes

Levels and vault maps discovered:
D:1:      minmay_arrival_three_doors, layout_basic, minmay_misc_feat_diagonals
D:2:      layout_loops_ring, nicolae_overflow_hidden_temple,
          gammafunk_temple_overflow_elements, st_stairs_4, uniq_sigmund,
          uniq_natasha

Skill      XL: |  1  2  3 |
---------------+----------+-----
Dodging        | 1 |  1.4
Axes           | 3 |  3.3
Fighting       | |  3.2
Armour         | |  3.2
Shields        | |  3.6

Action                   || total
-------------------------++-------
Melee: War axe           ||    91
Armor: Scale mail        ||    38
Dodge: Dodged            ||    33
Block: Kite shield       ||    44

Table legend: (Time is in decaauts)
 A = Elapsed time spent in this place.
 B = Non-inter-level travel time spent in this place.
 C = Inter-level travel time spent in this place.
 D = Time resting spent in this place.
 E = Time spent auto-exploring this place.
 F = Levels seen in this place.
 G = Mean time per level.
                   A        B        C        D        E       F      G
               +--------+--------+--------+--------+--------+-----+--------+
         Total |    995 |    974 |     21 |      0 |    764 |   2 |  497.5 |
       Dungeon |    995 |    974 |     21 |      0 |    764 |   2 |  497.5 |
               +--------+--------+--------+--------+--------+-----+--------+

Top non-repeatable levels by time:
     D:1: 899 daAuts
     D:2: 95 daAuts
